 Dungeon Crawl Stone Soup version 0.29.0-13-gc9e81de378 (webtiles) character file.

Game seed: 16772501354310073671

79 sankara the Cudgeller (level 4, -9/40 HPs)
             Began as a Meteoran Fighter on Sept 9, 2022.
             Was a Believer of Nemelex Xobeh.
             Killed by divine providence
             ... invoked by an orc priest
              (10 damage)
             ... on level 4 of the Dungeon.
             The game lasted 00:07:31 (1792 turns).

sankara the Cudgeller (Meteoran Fighter)            Turns: 1792, Time: 00:07:33

Health: -9/40      AC:  9    Str: 17    XL:     4   Next: 96%
Magic:  5/5        EV:  6    Int: 10    God:    Nemelex Xobeh [**....]
Gold:   97         SH:  5    Dex: 15    Spells: 3/3 levels left

rFire   . . .      SeeInvis .   a - +0 flail
rCold   . . .      Faith    .   c - +0 buckler
rNeg    . . .      Spirit   .   l - +0 chain mail
rPois   .          Reflect  .   (no helmet)
rElec   .          Harm     .   (no cloak)
rCorr   .          Rampage  .   (no gloves)
Will    .....                   (no boots)
Stlth   ..........              (no amulet)
HPRegen 0.13/turn               (no ring)
MPRegen 0.09/turn               (no ring)

@: glowing
A: sense surroundings 1, otherworldly, glowing, explore regen
a: Renounce Religion, Draw Escape, Draw Destruction, Draw Summoning


You were on level 4 of the Dungeon.
You worshipped Nemelex Xobeh.
Nemelex Xobeh was pleased with you.
You visited 1 branch of the dungeon, and saw 4 of its levels.

You collected 97 gold pieces.

Inventory:

Hand Weapons
 a - a +0 flail (weapon)
Missiles
 n - 9 stones (quivered)
Armour
 b - a +0 scale mail
 c - a +0 buckler (worn)
 l - a +0 chain mail (worn)
 r - a +2 ring mail of willpower
Wands
 p - a wand of charming (9)
 q - a wand of flame (29)
Scrolls
 e - a scroll of silence {unknown}
 h - 2 scrolls of enchant weapon {unknown}
 i - 3 scrolls of identify {unknown}
 j - 2 scrolls of magic mapping {unknown}
 m - 3 scrolls of butterflies {unknown}
Potions
 d - 2 potions of might
 f - 3 potions of degeneration {unknown}
 g - a potion of mutation {unknown}
 k - a potion of heal wounds {unknown}
 o - a potion of attraction {unknown}


   Skills:
 + Level 3.8 Fighting
 * Level 4.3 Maces & Flails
 + Level 4.2 Armour
 + Level 4.2 Shields


You had 3 spell levels left.
You didn't know any spells.
Your spell library contained the following spells:

 Spells                   Type           Power      Damage    Failure   Level
 Tukima's Dance           Hex            0%         N/A       100%        3
 Passage of Golubria      Tloc           0%         N/A       100%        4
 Yara's Violent Unravell  Hex/Tmut       0%         3d3       100%        5


Dungeon Overview and Level Annotations

Branches:
Dungeon (4/15) Zot: 567
 Temple: D:4-7

Altars:
Nemelex Xobeh
Vehumet

Shops:
D:2 [


Innate Abilities, Weirdness & Mutations

You passively map a small area around you.
You are easily found by Zot.
You glow in the dark.
You regain HP and MP as you explore.


Message History

An orc comes into view. It is wielding a +0 dagger.
An orc priest comes into view. It is wielding a +0 trident.
An orc wizard comes into view. It is wielding a +0 dagger of speed.
The orc priest mumbles some strange prayers to Beogh against you.
Beogh smites you!
The orc priest casts a cantrip, but nothing happens. x2
An adder comes into view.
The adder hisses angrily.
The orc priest barely misses you.
You closely miss the orc priest. The orc priest barely misses you.
The orc priest hits you with a +0 flail.
You sock the orc priest!
The orc priest is almost dead.
You block the orc priest's attack.
The orc priest hits you from afar with a +0 trident.
The orc priest hits you with a +0 whip. The orc hits you but does no damage.
You hit the orc priest but do no damage.
The orc priest is almost dead.
The orc wizard hits you but does no damage.
The orc priest casts a cantrip, but nothing happens.
The orc priest mumbles some strange prayers to Beogh against you.
Beogh smites you!
* * * LOW HITPOINT WARNING * * *
The orc priest hits you but does no damage.
The orc closely misses you.
The orc wizard hits you but does no damage.
You closely miss the orc priest.
The orc priest is almost dead.
You block the orc priest's attack.
The orc priest casts a cantrip, but nothing happens.
The orc priest hits you with a +0 whip.
* * * LOW HITPOINT WARNING * * *
The orc hits you with a +0 dagger.
* * * LOW HITPOINT WARNING * * *
The orc wizard hits you with a +0 dagger of speed.
* * * LOW HITPOINT WARNING * * *
The orc priest mumbles some strange prayers to Beogh against you.
Beogh smites you!
You die...
Your body disappears without additional glow.

#...#...###..#. ,
###......#* ... ....
##......###... , ....
#............ ,.....
, ...##.....##* *
#..... ..# ##.....##
#...... , , #.
##..>#.#* S......, #.
* #....## ##oo.....,
.,
**#.....####@o......
, #
#..##...#..oo....#. ,
...#####...........#*
* .... ##....#...#..#
.... * #....##..## ..
..# , #....# ..# * .
* * .# * * #...##*.##
, , *....#* .# * *
.....# ** *


You could see 3 orc priests, an orc wizard, an adder and an orc.

Vanquished Creatures
  Jessica (D:3)
  2 dart slugs
  3 orcs (D:3)
  5 ball pythons
  2 bats (D:1)
  3 endoplasms
  7 goblins
  6 hobgoblins
  2 jackals (D:3)
  3 kobolds
  2 quokkas
  4 frilled lizards
  3 rats (D:1)
43 creatures vanquished.

Notes
Turn   | Place    | Note
-------+----------+-------------------------------------------
     0 | D:1      | sankara the Meteoran Fighter began the quest for the Orb.
     0 | D:1      | Reached XP level 1. HP: 19/19 MP: 2/2
   153 | D:1      | Reached XP level 2. HP: 19/26 MP: 3/3
   428 | D:1      | Found a faded altar of an unknown god.
   434 | D:1      | Prayed at the altar of an unknown god.
   434 | D:1      | Became a worshipper of Nemelex Xobeh the Trickster
   434 | D:1      | Reached * piety under Nemelex Xobeh
   488 | D:1      | Glimpsed the power of Zot.
   537 | D:1      | Glimpsed the power of Zot.
   603 | D:1      | Reached XP level 3. HP: 24/31 MP: 4/4
   778 | D:1      | Received a gift from Nemelex Xobeh
  1045 | D:2      | Found Huuja's Armour Boutique.
  1079 | D:2      | Glimpsed the power of Zot.
  1433 | D:3      | Reached XP level 4. HP: 37/40 MP: 5/5
  1436 | D:3      | Reached ** piety under Nemelex Xobeh
  1537 | D:3      | Noticed Jessica
  1545 | D:3      | Killed Jessica
  1661 | D:2      | Glimpsed the power of Zot.
  1711 | D:3      | Glimpsed the power of Zot.
  1748 | D:4      | Found a radiant altar of Vehumet.
  1792 | D:4      | HP: 1/40 [orc wizard/+0 dagger of speed (3)]
  1792 | D:4      | Killed from afar by an orc priest

Illustrated notes

Levels and vault maps discovered:
D:1:      dpeg_arrival_round_b, layout_loops_corners,
          hellmonk_ecumenical_altar_run_dry
D:2:      layout_basic, serial_shops, nicolae_shop_stone,
          nicolae_underground_beach
D:3:      layout_loops_cross, palyth_stone_intersect, uniq_jessica
D:4:      layout_layer_cave, lemuel_mausoleum_altar_yredelemnul,
          mainiacjoe_overflow_six_doors_small, nicolae_overflow_hidden_temple,
          kennysheep_cross_bottleneck, nrook_loot_triangle, uniq_natasha

Skill      XL: |  1  2  3  4 |
---------------+-------------+-----
Maces & Flails | 3 4 |  4.3
Armour         | 4 |  4.2
Shields        | 4 |  4.2
Fighting       | |  3.8

Action                   |  1- 3 |  4- 6 || total
-------------------------+-------+-------++-------
Melee: Flail             |   111 |    38 ||   149
Armor: Scale mail        |    38 |       ||    38
       Chain mail        |    30 |    21 ||    51
Dodge: Dodged            |    40 |    10 ||    50
Block: Buckler           |    28 |    11 ||    39
